 Dungeon Crawl Stone Soup version 0.25.0-9-g26727b657a (webtiles) character file.

Game seed: 3550070772814171475

32 theswoord the Slasher (level 3, -5/27 HPs)
             Began as a Demonspawn Gladiator on June 16, 2020.
             Slain by an ice beast (6 damage)
             ... on level 3 of the Dungeon.
             The game lasted 00:01:07 (806 turns).

theswoord the Slasher (Demonspawn Gladiator)         Turns: 806, Time: 00:01:08

Health: -5/27      AC:  4    Str: 14    XL:     3   Next: 10%
Magic:  3/3        EV: 12    Int:  9    God:
Gold:   58         SH:  0    Dex: 15    Spells: 2/2 levels left

rFire    . . .     SeeInvis +   a - +0 long sword
rCold    . . .     Gourm    .   (no shield)
rNeg     . . .     Faith    .   b - +0 leather armour
rPois    .         Spirit   .   c - +0 helmet
rElec    .         Reflect  .   (no cloak)
rCorr    .         Harm     .   (no gloves)
MR       .....                  (no boots)
Stlth    +.........             (no amulet)
HPRegen  0.09/turn              n - ring of see invisible
MPRegen  0.08/turn              (no ring)

@: flying
A: spiny 1
a: no special abilities


You were on level 3 of the Dungeon.
You were not hungry.

You visited 1 branch of the dungeon, and saw 4 of its levels.

You collected 58 gold pieces.

Inventory:

Hand Weapons
 a - a +0 long sword (weapon)
Missiles
 d - 3 throwing nets (quivered)
Armour
 b - a +0 leather armour (worn)
 c - a +0 helmet (worn)
 h - a +2 helmet
Jewellery
 g - an uncursed amulet of faith
 n - a ring of see invisible (left hand)
Scrolls
 e - a scroll of noise {unknown}
 k - a scroll of identify {unknown}
Potions
 m - a potion of curing {unknown}
 o - a potion of cancellation {unknown}
Comestibles
 f - 2 rations
 i - 2 chunks of flesh


   Skills:
 - Level 2.0 Fighting
 + Level 3.9 Long Blades
 - Level 1.7 Throwing
 - Level 2.6 Dodging


You had 2 spell levels left.
You didn't know any spells.
Your spell library was empty.

Dungeon Overview and Level Annotations

Branches:
Dungeon (4/15)
 Temple: D:4-7

Altars:
Cheibriados
Qazlal


Innate Abilities, Weirdness & Mutations

You are partially covered in sharp spines.


Message History

You riposte.
You barely miss the ice beast.
The ice beast is lightly wounded.
The jackal closely misses you.
There is an escape hatch in the ceiling, spattered with blood here.
The ice beast hits you but does no damage.
The jackal bites you.
* * * LOW HITPOINT WARNING * * *
A mysterious force pulls you upwards. The hatch slams shut behind you.
A bat comes into view.
Found a ration.
It was a potion of magic.
Magic courses through your body. The jackal is struck by your spines.
You kill the jackal!
The ice beast hits you but does no damage.
It was a potion of flight.
You feel very buoyant.
You fly up into the air.
The ice beast hits you.
* * * LOW HITPOINT WARNING * * *
The ice beast freezes you.
You die...

# .# . #. .#
.# #.###.# ..#
%....##..#
........
.b...#
##.Y..#.#
#.@....#
#...........
#.....##....##
#.##.. .....#
# ... ....#
.... #...#
...## ...#
##.. ...


You could see an ice beast and a bat.

Vanquished Creatures
  An adder (D:2)
  2 bats (D:1)
  2 giant cockroaches
  3 goblins
  2 hobgoblins (D:1)
  4 jackals
  2 kobolds (D:1)
  2 frilled lizards (D:1)
  3 rats (D:1)
21 creatures vanquished.

Notes
Turn   | Place    | Note
-------+----------+-------------------------------------------
     0 | D:1      | theswoord the Demonspawn Gladiator began the quest for the
                  | Orb.
     0 | D:1      | Reached XP level 1. HP: 16/16 MP: 1/1
   204 | D:1      | Reached skill level 3 in Long Blades
   388 | D:1      | Found a snail-covered altar of Cheibriados.
   394 | D:1      | Gained mutation: You are partially covered in sharp spines.
                  | [demonic ancestry]
   394 | D:1      | Reached XP level 2. HP: 22/22 MP: 2/2
   786 | D:2      | You fall into a shaft and drop 2 floors!
   786 | D:4      | Found a stormy altar of Qazlal.
   795 | D:4      | Noticed an ice beast
   798 | D:4      | Reached XP level 3. HP: 27/27 MP: 3/3
   806 | D:3      | HP: 1/27 [ice beast (2)]
   806 | D:3      | Slain by an ice beast

Skill      XL: |  1 |
---------------+----+-----
Long Blades    | 3 |  3.9
Fighting       | |  2.0
Throwing       | |  1.7
Dodging        | |  2.6

Action                   || total
-------------------------++-------
Melee: Long sword        ||    34
  Use: Potion            ||     2
Armor: Leather armour    ||    13
Dodge: Dodged            ||    28
       Rpst.: Long sword ||    13

Levels and vault maps discovered:
D:1:      heliophobic_arrival_dark_side_of_the_moon, layout_basic,
          cheibriados_altar_1
D:2:      layout_loops_cross, grunt_temple_overflow_open
D:3:      cheibrodos_greedy_goblins, layout_basic, chequers_mini_garden,
          minmay_crystal_water, hangedman_decor_points
D:4:      layout_basic, grunt_qazlal_clouds, serial_shops, shop,
          hangedman_abyss_or_decor_slice, st_stairs_9, minmay_misc_feat_tiny
